 Dungeon Crawl Stone Soup version 0.22-a0-305-gd21a89c (webtiles) character file.

49 Amnesiac the Shooter (level 3, -3/30 HPs)
             Began as a Centaur Hunter on Apr 1, 2018.
             Slain by a goblin
             ... wielding a +0 club
             ... led by Robin
              (5 damage)
             ... on level 2 of the Dungeon.
             The game lasted 00:01:57 (1017 turns).

Amnesiac the Shooter (Centaur Hunter)               Turns: 1017, Time: 00:01:58

Health: -3/30      AC:  4    Str: 15    XL:     3   Next: 51%
Magic:  3/3        EV:  9    Int: 10    God:
Gold:   67         SH:  0    Dex:  9    Spells: 2/2 levels left

rFire    . . .     SeeInvis .   b - +0 short sword
rCold    . . .     Gourm    .   (no shield)
rNeg     . . .     Faith    .   c - +0 leather armour
rPois    .         Spirit   .   (no helmet)
rElec    .         Reflect  .   (no cloak)
rCorr    .         Harm     .   (no gloves)
MR       .....                  (no barding)
Stlth    +.........             (no amulet)
HPRegen  0.10/turn              (no ring)
MPRegen  0.08/turn              (no ring)

@: very quick
A: large, hooves 3, deformed body, speed 2, tough skin 3
a: no special abilities


You were on level 2 of the Dungeon.
You were not hungry.

You visited 1 branch of the dungeon, and saw 2 of its levels.

You collected 67 gold pieces.

Inventory:

Hand Weapons
 a - a +1 shortbow
 b - a +0 short sword (weapon)
Armour
 c - a +0 leather armour (worn)
Jewellery
 j - a cursed ring of loudness {unknown}
Scrolls
 e - 5 scrolls of identify {!r, unknown}
 g - a scroll of noise {!r, unknown}
 h - a scroll of enchant weapon {!r, unknown}
 i - a scroll of blinking {!r, unknown}
Comestibles
 f - 3 rations


   Skills:
 + Level 2.7 Fighting
 * Level 6.5 Bows
 - Level 1.3 Dodging
 - Level 0.4 Stealth


You had 2 spell levels left.
You didn't know any spells.

Dungeon Overview and Level Annotations

Branches:
Dungeon (2/15)

Altars:


Innate Abilities, Weirdness & Mutations

You have hooves in place of feet.
Armour fits poorly on your strangely shaped body.
You cover ground very quickly.
You have extremely tough skin. (AC +3)


Message History

The goblin hits you with a club. Robin hits you but does no damage.
A hobgoblin comes into view. It is wielding a club.
Firing (i - inventory)
d - 7 arrows (quivered)
Press: ? - help, Shift-Dir - straight line, f/p - Robin
Aim: Robin, wielding a club, wearing an animal skin and wearing a helmet (heavily wounded)
You shoot an arrow. The hobgoblin shouts!
The arrow hits Robin but does no damage.
Robin is heavily wounded.
The goblin barely misses you. Robin throws the goblin at you!
Firing (i - inventory)
d - 6 arrows (quivered)
Press: ? - help, Shift-Dir - straight line, f/p - Robin
Aim: Robin, wielding a club, wearing an animal skin and wearing a helmet (heavily wounded)
You shoot an arrow. The arrow barely misses Robin.
The arrow hits the hobgoblin.
The hobgoblin is almost dead.
The goblin barely misses you.
Firing (i - inventory)
d - 5 arrows (quivered)
Press: ? - help, Shift-Dir - straight line, f/p - Robin
Aim: Robin, wielding a club, wearing an animal skin and wearing a helmet (heavily wounded)
You shoot an arrow. The arrow hits Robin.
Robin is almost dead.
Robin hits you with a club. The goblin closely misses you.
The goblin barely misses you.
Firing (i - inventory)
d - 4 arrows (quivered)
Press: ? - help, Shift-Dir - straight line, f/p - Robin
Aim: Robin, wielding a club, wearing an animal skin and wearing a helmet (almost dead)
You shoot an arrow. The arrow hits Robin.
You kill Robin!
The goblin closely misses you. x2
Firing (i - inventory)
d - 3 arrows (quivered)
Press: ? - help, Shift-Dir - straight line, f - goblin
Aim: a goblin, wielding a dagger (unusually strong)
You shoot an arrow. The arrow barely misses the goblin.
The goblin hits you with a dagger. The hobgoblin barely misses you.
The goblin hits you but does no damage.
Firing (i - inventory)
d - 2 arrows (quivered)
Press: ? - help, Shift-Dir - straight line, f/p - goblin
Aim: a goblin, wielding a dagger (unusually strong)
You shoot an arrow.
The arrow hits the goblin but does no damage.
The goblin hits you with a dagger.
* * * LOW HITPOINT WARNING * * *
The hobgoblin hits you with a club.
* * * LOW HITPOINT WARNING * * *
The goblin hits you but does no damage.
Firing (i - inventory)
d - an arrow (quivered)
Press: ? - help, Shift-Dir - straight line, f/p - goblin
Aim: a goblin, wielding a dagger (unusually strong)
You shoot an arrow. The arrow closely misses the goblin.
The goblin hits you with a dagger.
* * * LOW HITPOINT WARNING * * *
The hobgoblin closely misses you.
You aren't carrying any potions.
Okay, then.
b - a +0 short sword (weapon)
The goblin hits you with a club.
* * * LOW HITPOINT WARNING * * *
The goblin hits you but does no damage.
You miss the goblin.
You kill the goblin!
The hobgoblin hits you but does no damage.
The goblin hits you with a club.
You die...

### ..######
.......# .......#
.......###########
...............)g#
....###'########@#
..........# #g#
..........# #g#
##........# #)#
#.......### #(#
#.......# #(#
#.......# #.#
#.......# #(#
#.......# ..#


You could see 2 hobgoblins and a goblin.

Vanquished Creatures
  Robin (D:2)
  An adder (D:2)
  An ooze (D:1)
  3 bats
  2 giant cockroaches (D:1)
  6 goblins
  2 hobgoblins (D:2)
  3 jackals (D:2)
  A frilled lizard (D:1)
  2 kobolds (D:1)
  2 rats (D:1)
24 creatures vanquished.

Notes
Turn   | Place    | Note
-------+----------+-------------------------------------------
     0 | D:1      | Amnesiac the Centaur Hunter began the quest for the Orb.
     0 | D:1      | Reached XP level 1. HP: 17/17 MP: 1/1
   236 | D:1      | Reached XP level 2. HP: 18/24 MP: 2/2
   636 | D:2      | Reached skill level 6 in Bows
   884 | D:2      | Reached XP level 3. HP: 23/30 MP: 3/3
   993 | D:2      | Noticed Robin
  1012 | D:2      | Killed Robin
  1017 | D:2      | Slain by a goblin

Vault maps used:
D:1:      nzn_arrival_depleted_hourglass
D:2:      uniq_jessica, uniq_robin

Skill      XL: |  1  2 |
---------------+-------+-----
Bows           | 6 |  6.5
Fighting       | |  2.7
Dodging        | |  1.3
Stealth        | |  0.4

Action                   || total
-------------------------++-------
Melee: Short sword       ||    62
       Kick              ||    14
 Fire: Shortbow          ||    24
Armor: Leather armour    ||    33
Dodge: Dodged            ||    45

Table legend:
 A = Spawn XP
 B = Non-spawn XP
 C = Spawn XP percentage of total XP
 D = Spawn monster count
 E = Non-spawn monster count
 F = Spawn count percentage of total count
 G = Total turns spent on level
                    A         B        C        D         E        F      G
               +---------+---------+-------+---------+---------+-------+---------
         Total |       0 |      70 |   0.0 |       0 |      24 |   0.0 |  1017
               +---------+---------+-------+---------+---------+-------+---------
           D:1 |       0 |      20 |   0.0 |       0 |      10 |   0.0 |   588
           D:2 |       0 |      50 |   0.0 |       0 |      14 |   0.0 |   429
               +---------+---------+-------+---------+---------+-------+---------
